 Dungeon Crawl Stone Soup version 0.29.1 (webtiles) character file.

Game seed: 14631080341933371472

1 qw the Chopper (level 1, -2/28 HPs)
             Began as a Minotaur Berserker on Sept 13, 2022.
             Was a Follower of Trog.
             Succumbed to a goblin's poison
             ... on level 1 of the Dungeon.
             The game lasted 00:00:01 (83 turns).

qw the Chopper (Minotaur Berserker)                   Turns: 83, Time: 00:00:02

Health: -2/28      AC:  2    Str: 21    XL:     1   Next: 16%
Magic:  0/0        EV: 12    Int:  4    God:    Trog [*.....]
Gold:   12         SH:  0    Dex:  9    Spells: 0/0 levels left

rFire   . . .      SeeInvis .   a - +0 hand axe
rCold   . . .      Faith    .   (no shield)
rNeg    . . .      Spirit   .   b - +0 animal skin
rPois   .          Reflect  .   (helmet restricted)
rElec   .          Harm     .   (no cloak)
rCorr   .          Rampage  .   (no gloves)
Will    .....                   (no boots)
Stlth   ..........              (no amulet)
HPRegen 0.09/turn               (no ring)
MPRegen 0.07/turn               (no ring)

@: berserking, lethally poisoned (-2 -> -33), very quick
A: horns 2, retaliatory headbutt
a: Renounce Religion, Berserk


You were on level 1 of the Dungeon.
You worshipped Trog.
Trog was aware of your devotion.
You visited 1 branch of the dungeon, and saw 1 of its levels.

You collected 12 gold pieces.


Innate Abilities, Weirdness & Mutations

You have a pair of horns on your head.
You reflexively headbutt those who attack you in melee.


   Skills:
 - Level 3.6 Fighting
 + Level 3.7 Axes
 - Level 2.4 Armour
 - Level 2.1 Dodging


You couldn't memorise any spells.
You didn't know any spells.
Your spell library was empty.

Inventory:

Hand Weapons
 a - a +0 hand axe (weapon)
Armour
 b - a +0 animal skin (worn)

Dungeon Overview and Level Annotations

Branches:
Dungeon (1/15)

Altars:


Message History

Enter note: You closely miss the bat.
The bat hits you but does no damage.
You hit the bat.
You kill the bat!
Trog accepts your kill.
Found a hand axe.
Found a faded altar of an unknown god.
Enter note:
Found a stone staircase leading down.
You now have 12 gold pieces (gained 4).
As you open the door, it creaks loudly!
A goblin comes into view. It is wielding a +1 dagger of venom.
The goblin shouts!
Enter note: You closely miss the goblin.
The goblin hits you with a +1 dagger of venom.
You are poisoned.
You barely miss the goblin. Your headbutt misses the goblin.
You feel very sick.
The goblin hits you with a +1 dagger of venom.
You are lethally poisoned!
You barely miss the goblin.
You feel very sick. The goblin misses you.
80 ||| INVOKING Berserk.
A red film seems to cover your vision as you go berserk!
You feel yourself moving faster!
You feel mighty!
You feel sick. The goblin misses you.
You barely miss the goblin.
You feel sick. The goblin hits you but does no damage.
You are lethally poisoned!
You closely miss the goblin. Your headbutt misses the goblin.
You feel very sick.
The goblin hits you with a +1 dagger of venom.
You are more poisoned.
You slash the goblin!
You kill the goblin!
Trog accepts your kill.
You die...

##....+................
#.....###......##......
#.....# ##...#.##..####
#....### #._##.##..#PPP
#......####.##.# ..#P}P
#............. ..#PPP
#......###.... #.####
#......# .. ..+...
#.....@# ..####
........)...... ..#PPP
######...####.#. ..#P}P
####. ..#PPP . ..####
.. ..... .. .... ...


There were no monsters in sight!

Vanquished Creatures
  A bat (D:1)
  A goblin (D:1)
2 creatures vanquished.

Notes
Turn   | Place    | Note
-------+----------+-------------------------------------------
     0 | D:1      | qw the Minotaur Berserker began the quest for the Orb.
     0 | D:1      | Reached XP level 1. HP: 19/19 MP: 0/0
     0 | D:1      | 0 ||| qw: Version: 0.1-a-119-g272c26d
     0 | D:1      | 0 ||| qw: Game counter: 11295
     0 | D:1      | 0 ||| qw: Always use a shield: true
     0 | D:1      | 0 ||| qw: Do Orc after D:15 true
     0 | D:1      | 0 ||| qw: Do second Lair branch before Depths: true
     0 | D:1      | 0 ||| qw: Lair rune preference: random
     0 | D:1      | 0 ||| qw: Plans: Normal
     0 | D:1      | 0 ||| PLANNING D:1-11
    49 | D:1      | Found a faded altar of an unknown god.
    80 | D:1      | 80 ||| INVOKING Berserk.
    82 | D:1      | HP: 6/28 [poisoned by a goblin]
    83 | D:1      | Succumbed to a goblin's poison

Levels and vault maps discovered:
D:1:      beargit_arrival_greenhouse, layout_basic, basic_ecumenical_altar

Action                   || total
-------------------------++-------
Melee: Hand axe          ||     8
Invok: Berserk           ||     1
Armor: Animal skin       ||     2
Dodge: Dodged            ||     2

Table legend:
 A = Non-vault XP
 B = Vault XP
 C = Vault XP percentage of total XP
 D = Non-vault monster count
 E = Vault monster count
 F = Vault count percentage of total count
                 A         B        C        D         E       F
            +---------+---------+-------+---------+---------+-------
      Total |       4 |       0 |   0.0 |       2 |       0 |   0.0
            +---------+---------+-------+---------+---------+-------
        D:1 |       4 |       0 |   0.0 |       2 |       0 |   0.0
            +---------+---------+-------+---------+---------+-------
